 Dungeon Crawl Stone Soup version 0.31.0-1-g2c135a008e (webtiles) character file.

Game seed: 9895811200700988634

82 qw the Shooter (level 4, -1/35 HPs)
             Began as a Djinni Hunter on Jan 23, 2024.
             Frozen to death by an endoplasm (3 damage)
             ... on level 3 of the Dungeon.
             The game lasted 00:00:05 (1427 turns).

qw the Shooter (Djinni Hunter)                      Turns: 1427, Time: 00:00:06

Health: -1/35      AC:  5    Str: 10      XL:     4   Next: 70%
Gold:   73         EV: 11    Int:  8 (10) God:
                   SH:  0    Dex: 18 (19)

rFire   + + .        b - +0 orcbow
rCold   x . .        (shield currently unavailable)
rNeg    . . .        d - +0 ring mail
rPois   inf          (no helmet)
rElec   .            (no cloak)
rCorr   .            (no gloves)
SInv    .            (boots unavailable)
Will    .....        (no amulet)
Stlth   +            (no ring)
HPRegen 0.25/turn    (no ring)
MPRegen 0.00/turn

%: infuse magic (-2 HP)
@: flying
A: sickness immunity, fire resistance 2, cold vulnerability 1, float, innate
caster, HP casting, extra vitality 1
a: no special abilities


You were on level 3 of the Dungeon.
You visited 1 branch of the dungeon, and saw 3 of its levels.

You collected 133 gold pieces.
You spent 60 gold pieces at shops.


Innate Abilities, Weirdness & Mutations

You are immune to sickness and miasma.
You are immune to poison.
Your flesh is very heat resistant. (rF++)
You are vulnerable to cold. (rC-)
You float through the air rather than walking.
You learn spells naturally, not from books.
Your magical power is your life essence.
You have superior vitality. (+4 MHP)


   Skills:
 - Level 3.0 Fighting
 + Level 4.2 Ranged Weapons
 - Level 1.0 Armour
 - Level 2.1 Dodging
 - Level 0.7 Stealth


You knew the following spells:

 Your Spells              Type           Power      Damage    Failure   Level
a - Foxfire               Conj/Fire      0%         2x1d4     73%         1
Your spell library was empty.

Inventory:

Hand Weapons
 b - a +0 orcbow (weapon)
Armour
 d - a +0 ring mail (worn)
 e - a +0 helmet
Wands
 a - a wand of roots (5)
Potions
 c - a potion of haste
 f - a potion of enlightenment {unknown}
 h - a potion of might

Dungeon Overview and Level Annotations

Branches:
Dungeon (3/15)

Altars:

Shops:
D:2 ?


Message History

You shoot an arrow. The arrow hits the frilled lizard!
You kill the frilled lizard!
The bat hits you but does no damage. The bat barely misses you.
The endoplasm freezes you.
You are frozen.
You feel a terrible chill! The bat closely misses you. The endoplasm hits you.
You shoot an arrow. The arrow hits the bat.
The bat is severely wounded.
The bat closely misses you. The bat hits you but does no damage.
The endoplasm hits you but does no damage.
You shoot an arrow. The arrow hits the bat.
You kill the bat!
The endoplasm hits you. The quokka barely misses you.
The endoplasm freezes you.
You are frozen.
You feel a terrible chill!
You feel your dexterity returning.
You shoot an arrow. The arrow hits the quokka!
You kill the quokka!
The endoplasm misses you.
You shoot an arrow. The arrow misses the frilled lizard.
The arrow completely misses the goblin.
The frilled lizard closely misses you.
The endoplasm jiggles.
The endoplasm hits you but does no damage.
The frilled lizard bites you. The endoplasm freezes you.
You are frozen!
You feel a terrible chill!
You shoot an arrow.
The arrow barely misses the frilled lizard.
The arrow hits the goblin.
You kill the goblin!
The endoplasm freezes you.
You are frozen.
You feel a terrible chill!
The frilled lizard bites you but does no damage.
You shoot an arrow.
The arrow completely misses the frilled lizard.
The arrow closely misses the hobgoblin.
The endoplasm freezes you.
You are frozen.
You feel a terrible chill!
You die...

#...... #....#
###### #.#.##. .!?..
....#####...... $(..
#......#....... ...
##.#.##......... #..
#............... #.S
#..#........#.##
#gJ##.>#.##..#......
#gl@.....##..#.##%##
######.....?......#
###.###.#.## # #.#
#..... #.# .....#.
#.# ... . ..# #.. ~~


You could see an endoplasm, 2 hobgoblins, a ball python and a frilled lizard.

Vanquished Creatures
  3 adders (D:2)
  A dart slug (D:2)
  5 bats
  3 endoplasms
  3 giant cockroaches
  9 goblins
  6 hobgoblins (D:1)
  A jackal (D:3)
  5 kobolds
  2 quokkas (D:3)
  4 ball pythons
  A frilled lizard (D:3)
  4 rats
47 creatures vanquished.

Notes
Turn   | Place    | Note
-------+----------+-------------------------------------------
     0 | D:1      | qw the Djinni Hunter began the quest for the Orb.
     0 | D:1      | Reached XP level 1. HP: 18/18 MP: 0/0
     0 | D:1      | 0 ||| qw: Version: 0.3-a-135-gb77e89d
     0 | D:1      | 0 ||| qw: Game counter: 870
     0 | D:1      | 0 ||| qw: Melee chars always use a shield: true
     0 | D:1      | 0 ||| qw: God list: Okawaru
     0 | D:1      | 0 ||| qw: Allow faded altars: false
     0 | D:1      | 0 ||| qw: Do Orc after clearing Dungeon:15 true
     0 | D:1      | 0 ||| qw: Do second Lair branch before Depths: true
     0 | D:1      | 0 ||| qw: Lair rune preference: random
     0 | D:1      | 0 ||| qw: Goals: Normal
     0 | D:1      | 0 ||| PLANNING D:1-11
    89 | D:1      | Reached XP level 2. HP: 23/23 MP: 0/0
   293 | D:1      | Reached skill level 4 in Ranged Weapons
   293 | D:1      | Reached XP level 3. HP: 28/28 MP: 0/0
   293 | D:1      | Learned a level 1 spell: Foxfire
   417 | D:1      | 417 ||| UPGRADING to +0 ring mail.
   427 | D:1      | 427 ||| DROPPING +0 leather armour.
   428 | D:1      | 428 ||| READING scroll labelled CYETAENUMN.
   429 | D:1      | 429 ||| READING scroll labelled ASUTTU LAFFAUDWI.
   430 | D:1      | 430 ||| DRINKING 2 blue potions.
   431 | D:1      | 431 ||| DROPPING scroll of butterflies.
   432 | D:1      | 432 ||| DROPPING potion of degeneration.
   445 | D:2      | 445 ||| STAIRDANCE
   543 | D:2      | Reached skill level 1 in Armour
   573 | D:2      | 573 ||| SWAPPING to +0 orcbow.
   574 | D:2      | 574 ||| DROPPING +0 shortbow.
   584 | D:2      | Found Leqiur's Magic Scroll Shop.
   588 | D:2      | 588 ||| BUYING 2 scrolls of identify (40 gold).
   588 | D:2      | Bought 2 scrolls of identify for 40 gold pieces
   588 | D:2      | 588 ||| SHOPLISTING scroll of enchant armour (75 gold, have
                  | 38).
   588 | D:2      | 588 ||| BUYING scroll of identify (20 gold).
   588 | D:2      | Bought a scroll of identify for 20 gold pieces
   588 | D:2      | 588 ||| SHOPLISTING scroll of identify (20 gold, have 18).
   616 | D:2      | Reached XP level 4. HP: 32/34 MP: 0/0
   820 | D:2      | Reached skill level 3 in Fighting
  1166 | D:2      | 1166 ||| READING 3 scrolls of identify.
  1166 | D:2      | 1166 ||| IDENTIFYING fuming inky potion
  1167 | D:2      | 1167 ||| READING 2 scrolls of identify.
  1167 | D:2      | 1167 ||| IDENTIFYING sapphire potion
  1168 | D:2      | 1168 ||| READING scroll of identify.
  1168 | D:2      | 1168 ||| IDENTIFYING metallic inky potion
  1169 | D:2      | 1169 ||| READING scroll labelled TAYCHIT EWOPS.
  1170 | D:2      | 1170 ||| READING scroll labelled RAEFFI BIKLE.
  1232 | D:2      | 1232 ||| READING scroll labelled OGEPHA PUOMOIN.
  1233 | D:2      | 1233 ||| DROPPING potion of ambrosia.
  1425 | D:3      | HP: 6/35 [frozen (7)]
  1426 | D:3      | HP: 2/35 [frozen (4)]
  1427 | D:3      | Frozen to death by an endoplasm

Levels and vault maps discovered:
D:1:      lemuel_arrival_lava_pool, layout_rooms
D:2:      kennysheep_big_flooded_room, layout_loops_ring, serial_shops, shop
D:3:      layout_loops_cross, nicolae_overflow_squiral, minmay_guardbox

Skill      XL: |  1  2  3  4 |
---------------+-------------+-----
Ranged Weapons | 4 |  4.2
Armour         | 1 |  1.0
Fighting       | 3 |  3.0
Dodging        | |  2.1
Stealth        | |  0.7

Action                     |  1- 3 |  4- 6 || total
---------------------------+-------+-------++-------
   Fire: Shortbow          |    76 |       ||    76
         Orcbow            |     5 |    48 ||    53
    Use: Scroll            |     2 |     6 ||     8
         Potion            |     1 |       ||     1
 Armour: Leather armour    |     4 |       ||     4
         Ring mail         |     7 |    35 ||    42
  Dodge: Dodged            |    17 |    27 ||    44

Table legend:
 A = Non-vault XP
 B = Vault XP
 C = Vault XP percentage of total XP
 D = Non-vault monster count
 E = Vault monster count
 F = Vault count percentage of total count
                 A         B        C        D         E       F
            +---------+---------+-------+---------+---------+-------
      Total |     102 |      16 |  13.6 |      38 |       9 |  19.1
            +---------+---------+-------+---------+---------+-------
        D:1 |      36 |       0 |   0.0 |      21 |       0 |   0.0
        D:2 |      62 |       3 |   4.6 |      15 |       2 |  11.8
        D:3 |       4 |      13 |  76.5 |       2 |       7 |  77.8
            +---------+---------+-------+---------+---------+-------
